 Dungeon Crawl Stone Soup version 0.22-a0-810-g93d1441 (webtiles) character file.

1106 zishaf the Shield-Bearer (level 8, -8/64 HPs)
             Began as a Formicid Fighter on July 22, 2018.
             Was a Believer of Wu Jian.
             Mangled by a two-headed ogre
             ... wielding a +0 giant spiked club
              (13 damage)
             ... on level 5 of the Dungeon.
             The game lasted 00:12:44 (5332 turns).

zishaf the Shield-Bearer (Formicid Fighter)         Turns: 5332, Time: 00:12:44

Health: -8/64      AC:  5    Str: 24    XL:     8   Next: 58%
Magic:  8/8        EV:  9    Int:  7    God:    Wu Jian [**....]
Gold:   265        SH: 11    Dex: 12    Spells: 7/7 levels left

rFire    . . .     SeeInvis +   a - +1 hand axe (freeze)
rCold    . . .     Gourm    .   c - +0 shield
rNeg     . . .     Faith    .   H - -2 scale mail (curse)
rPois    +         Spirit   .   (helmet unavailable)
rElec    .         Reflect  .   (no cloak)
rCorr    .         Harm     .   (no gloves)
MR       .....                  (no boots)
Stlth    ..........             (no amulet)
HPRegen  0.20/turn              y - ring of poison resistance
MPRegen  0.11/turn              n - +2 ring of strength

@: no status effects
A: permanent stasis, dig shafts and tunnels, four strong arms, antennae 3
a: Dig, Shaft Self, Wall Jump, Renounce Religion


You were on level 5 of the Dungeon.
You worshipped Wu Jian.
Wu Jian was pleased with you.
You were not hungry.

You visited 2 branches of the dungeon, and saw 6 of its levels.

You collected 265 gold pieces.

Inventory:

Hand Weapons
 a - a +1 hand axe of freezing (weapon)
 b - a +0 hunting sling
 d - a +1 vampiric war axe
 h - a +0 long sword
Missiles
 v - 93 stones (quivered)
Armour
 c - a +0 shield (worn)
 u - a +0 scale mail
 H - a cursed -2 scale mail (worn)
Jewellery
 l - an uncursed ring of protection from fire
 n - a +2 ring of strength (right hand)
 y - a ring of poison resistance (left hand)
Wands
 w - a wand of paralysis (18)
 F - a wand of acid (3)
Scrolls
 e - 5 scrolls of remove curse {unknown}
 g - 2 scrolls of enchant armour {unknown}
 m - a scroll of immolation {unknown}
 o - 2 scrolls of teleportation {unknown}
 p - 2 scrolls of magic mapping {unknown}
 q - 3 scrolls of identify {unknown}
 t - a scroll of enchant weapon {unknown}
 B - a scroll of random uselessness {unknown}
 D - a scroll of amnesia {unknown}
Potions
 i - a potion of haste {unknown}
 j - a potion of experience {unknown}
 k - 2 potions of cancellation {unknown}
 r - 3 potions of curing {unknown}
 s - a potion of invisibility {unknown}
 x - a potion of degeneration {unknown}
 z - a potion of heal wounds
 A - 2 potions of agility {unknown}
 C - a potion of resistance {unknown}
 G - a potion of mutation {unknown}
Comestibles
 f - 11 rations
 E - 4 chunks of flesh


   Skills:
 + Level 6.1 Fighting
 - Level 2.0 Long Blades
 - Level 2.0 Axes
 + Level 4.2 Slings
 + Level 6.1 Armour
 + Level 6.7 Shields


You had 7 spell levels left.
You didn't know any spells.
Your spell library contained the following spells:

 Spells                   Type           Power        Failure   Level  Hunger
 Confuse                  Hex            #.......     99%         3    ####...
 Tukima's Dance           Hex            #.......     99%         3    ####...
 Ensorcelled Hibernation  Hex/Ice        #.....       95%         2    ###....
 Corona                   Hex            #......      86%         1    ##.....
 Dazzling Spray           Conj/Hex       #.....       99%         3    ####...


Dungeon Overview and Level Annotations

Branches:
Dungeon (5/15)             Temple (1/1) D:4

Altars:
Ashenzari
Cheibriados
Dithmenos
Elyvilon
Gozag
Hepliaklqana
Kikubaaqudgha
Makhleb
Nemelex Xobeh
Okawaru
Qazlal
Sif Muna
Trog
Vehumet
Wu Jian
Xom
Yredelemnul
Zin
The Shining One

Annotations:
D:3 2 transporters


Innate Abilities, Weirdness & Mutations

You cannot be hasted, slowed, berserked, paralysed or teleported.
You can dig through walls and to a lower floor.
Your four strong arms can wield two-handed weapons with a shield.
You have a pair of large antennae on your head. (SInv)


Message History

The orc shouts!
The orc throws a stone.
The stone hits you but does no damage.
You see here a stone.
You attack the two-headed ogre from above.
You hit the two-headed ogre. You freeze the two-headed ogre.
The two-headed ogre is lightly wounded.
The two-headed ogre hits you with a giant spiked club!!
The two-headed ogre hits you with a giant club!!
* * * LOW HITPOINT WARNING * * *
The phantom blinks!
The orc throws a stone.
The stone hits you but does no damage.
You see here a stone.
The orc throws a stone.
The stone barely misses you.
The stone hits the two-headed ogre but does no damage.
The orc throws a stone.
The stone hits you but does no damage.
You see here a stone.
The orc hits you with a hand axe.
* * * LOW HITPOINT WARNING * * *
The two-headed ogre hits you with a giant spiked club!
You die...

# ## #####. ### #.##..
## ##.# #....# #.# ##..#
#....# #.### ###..##
#....# ##...####....#
#..... #.......W.@O.##
##..... #......(o...(###
#...###
#....).####.(..#####...#
#....<## ###....##....##
#...[## ###....#.)).#
#....# ##..####..##
##.())# #..# ##..#
#...W.# #..# ##..
##.....##### #.## ##.


You could see a two-headed ogre, a phantom and an orc.

Vanquished Creatures
  Grinder (D:4)
  Edmund (D:4)
  A sky beast (D:5)
  A scorpion (D:4)
  A crimson imp (D:5)
  A bullfrog zombie (D:5)
  2 hounds (D:4)
  7 orc wizards
  2 worker ants
  Natasha (thrice) (D:4)
  Robin (D:4)
  4 gnolls (D:3)
  8 adders
  An adder skeleton (D:5)
  4 worms
  2 dart slugs
  A leopard gecko (D:4)
  18 orcs
  3 giant cockroaches
  9 goblins
  11 hobgoblins
  4 kobolds
  2 quokkas
  6 bats
  4 frilled lizards
  A jackal zombie (D:5)
  9 rats
108 creatures vanquished.

Notes
Turn   | Place    | Note
-------+----------+-------------------------------------------
     0 | D:1      | zishaf the Formicid Fighter began the quest for the Orb.
     0 | D:1      | Reached XP level 1. HP: 18/18 MP: 1/1
   147 | D:1      | Reached XP level 2. HP: 22/24 MP: 2/2
   808 | D:2      | Reached XP level 3. HP: 27/29 MP: 3/3
   861 | D:2      | Reached skill level 1 in Axes
  1188 | D:2      | Reached XP level 4. HP: 37/37 MP: 4/4
  1272 | D:2      | Found a bloodstained altar of Trog.
  1299 | D:2      | Found a shimmering altar of Xom.
  1303 | D:2      | Found an ornate altar of the Wu Jian Council.
  1305 | D:2      | Found a hazy altar of Hepliaklqana.
  1389 | D:2      | Became a worshipper of the Wu Jian Council
  1663 | D:3      | Found a transporter.
  1713 | D:3      | Found a transporter.
  2145 | D:3      | Reached XP level 5. HP: 22/42 MP: 5/5
  2379 | D:4      | Noticed Edmund
  2379 | D:4      | Noticed an ogre
  2401 | D:4      | Noticed Grinder
  2765 | D:4      | Killed Grinder
  2765 | D:4      | Reached skill level 5 in Shields
  2765 | D:4      | Reached XP level 6. HP: 44/49 MP: 6/6
  2900 | D:4      | Reached XP level 7. HP: 25/55 MP: 7/7
  3200 | D:4      | Reached skill level 5 in Armour
  3303 | D:4      | Found a shadowy altar of Dithmenos.
  3305 | D:4      | Reached skill level 5 in Fighting
  3350 | D:4      | Reached * piety under Wu Jian
  3607 | D:4      | Killed Edmund
  4127 | D:4      | Noticed Natasha
  4139 | D:4      | Killed Natasha
  4188 | D:4      | Noticed Robin
  4194 | D:4      | Noticed Natasha
  4219 | D:4      | Killed Natasha
  4219 | D:4      | Reached XP level 8. HP: 55/63 MP: 8/8
  4229 | D:4      | Killed Robin
  4444 | D:4      | Found a staircase to the Ecumenical Temple.
  4454 | Temple   | Entered the Ecumenical Temple
  4556 | D:4      | Noticed Natasha
  4563 | D:4      | Killed Natasha
  4579 | D:5      | Entered Level 5 of the Dungeon
  4766 | D:5      | Noticed a two-headed ogre
  5286 | D:5      | Reached ** piety under Wu Jian
  5332 | D:5      | Mangled by a two-headed ogre

Vault maps used:
D:1:      matt_arrival_spirals
D:2:      lemuel_coloured_pillars_altar, grunt_temple_overflow_open
D:3:      gammafunk_wand_slinger
D:4:      minmay_temple_entry_poolview, grunt_dithmenos_smoke, uniq_edmund,
          uniq_robin, uniq_grinder, uniq_natasha
D:5:      first_ration
Temple:   zaba_magenta_temple

Skill      XL: |  1  2  3  4  5  6  7  8 |
---------------+-------------------------+-----
Shields        | 4 5 6 |  6.7
Axes           | 1 2 |  2.0
Armour         | 4 5 6 |  6.1
Fighting       | 4 5 6 |  6.1
Slings         | 2 3 4 |  4.2
Long Blades    | |  2.0

Action                   |  1- 3 |  4- 6 |  7- 9 || total
-------------------------+-------+-------+-------++-------
Melee: Long sword        |     5 |       |       ||     5
       Hand axe          |    52 |   115 |   205 ||   372
 Fire: Hunting sling     |       |     2 |    10 ||    12
Invok: Lunge             |       |     9 |     4 ||    13
       Whirlwind         |       |       |     5 ||     5
       Wall Jump         |       |       |     1 ||     1
  Use: Potion            |       |       |     1 ||     1
  Eat: Chunk             |     1 |     4 |     6 ||    11
       Ration            |       |       |     1 ||     1
Armor: Scale mail        |    23 |    42 |    59 ||   124
Dodge: Dodged            |    19 |    29 |    47 ||    95
Block: Shield            |    25 |    61 |    85 ||   171
       Rpst.: Long sword |     2 |       |       ||     2

Table legend:
 A = Spawn XP
 B = Non-spawn XP
 C = Spawn XP percentage of total XP
 D = Spawn monster count
 E = Non-spawn monster count
 F = Spawn count percentage of total count
 G = Total turns spent on level
                    A         B        C        D         E        F      G
               +---------+---------+-------+---------+---------+-------+---------
         Total |       0 |    1581 |   0.0 |       0 |     108 |   0.0 |  5332
               +---------+---------+-------+---------+---------+-------+---------
           D:1 |       0 |      27 |   0.0 |       0 |      16 |   0.0 |   749
           D:2 |       0 |      54 |   0.0 |       0 |      18 |   0.0 |   891
           D:3 |       0 |      95 |   0.0 |       0 |      15 |   0.0 |  1218
           D:4 |       0 |     908 |   0.0 |       0 |      33 |   0.0 |  1798
           D:5 |       0 |     497 |   0.0 |       0 |      26 |   0.0 |   589
               +---------+---------+-------+---------+---------+-------+---------
